 Dungeon Crawl Stone Soup version 0.15-a0-193-gf781f13 (webtiles) character file.

53242 PolkaDot the Bewitcher (level 14, -2/99 HPs)
             Began as a Vampire Enchanter on Apr 21, 2014.
             Was a High Priest of Ashenzari.
             Slain by a death yak (21 damage)
             ... on Level 8 of the Lair of Beasts on Apr 22, 2014.
             The game lasted 01:57:19 (19055 turns).

PolkaDot the Bewitcher (Vampire Enchanter)         Turns: 19055, Time: 01:57:19

HP  -2/99        AC 13     Str 16      XL: 14   Next: 26%
MP  20/20        EV 25     Int 17      God: Ashenzari [*****.]
Gold 1120        SH  0     Dex 18      Spells:  6 memorised,  2 levels left

rFire  + . .     SeeInvis +     a - +2,+1 dagger (curse)
rCold  + . .     Clarity  +     k - +3 leather armour {rF+} (curse)
rNeg   + + .     Conserve .     (no shield)
rPois  +         rCorr    .     r - +0 helmet (curse)
rElec  .         rRot     +     (no cloak)
SustAb . .       Spirit   .     p - +0 pair of gloves (curse)
rMut   .         Warding  .     L - +0 pair of boots (curse)
Saprov . . .     Stasis   .     (no amulet)
MR     +....                    u - cursed ring of Criexory {AC+3 Str+4}
                                g - cursed +4 ring of evasion

@: regenerating slowly, mighty, somewhat resistant to hostile enchantments,
extraordinarily stealthy
A: bottle blood, fangs 3, see invisible, unbreathing
a: Bat Form, Bottle Blood, Scrying, Transfer Knowledge, Renounce Religion


You were on level 8 of the Lair of Beasts.
You worshipped Ashenzari.
Ashenzari was extremely pleased with you.
You were very thirsty.

You visited 3 branches of the dungeon, and saw 19 of its levels.
You also visited: Ossuary and Volcano.

You collected 1120 gold pieces.

Inventory:

Hand weapons
 a - a cursed +2,+1 dagger (weapon)
Armour
 k - a cursed +3 leather armour of fire resistance (worn)
 p - a cursed +0 pair of gloves (worn)
 r - a cursed +0 helmet (worn)
 L - a cursed +0 pair of boots (worn)
Magical devices
 m - a wand of paralysis (9)
 E - a wand of disintegration (10)
Scrolls
 e - a scroll of enchant weapon II
 f - 2 scrolls of identify
 l - 2 scrolls of amnesia
 n - 5 scrolls of blinking
 o - 2 scrolls of magic mapping
 s - a scroll of remove curse
 t - 6 scrolls of teleportation
 A - 3 scrolls of fear
 C - a scroll of recharging
 I - a scroll of fog
Jewellery
 g - a cursed +4 ring of evasion (left hand)
 u - the cursed ring of Criexory (right hand) {AC+3 Str+4}
   (You found it on level 5 of the Dungeon)

   [ring of protection]

   It affects your AC (+3).
   It affects your strength (+4).
   It has a curse placed upon it.
 B - an uncursed amulet of stasis
Potions
 b - 8 potions of heal wounds
 d - a potion of berserk rage
 h - 2 potions of flight
 i - 2 potions of magic
 j - a potion of agility
 w - 13 potions of curing
 z - 3 potions of restore abilities
Books
 q - a book of Dreams

   Spells                             Type                      Level
   *Ensorcelled Hibernation           Hexes/Ice                    2
   Flight                             Charms/Air                   3
   Phase Shift                        Translocation                5
   Shadow Creatures                   Summoning                    5
   Mass Confusion                     Hexes                        6
   Darkness                           Hexes                        7
 D - a book of Hinderance

   Spells                             Type                      Level
   Confusing Touch                    Hexes                        1
   *Confuse                           Hexes                        3
   Petrify                            Transmutation/Earth          4
   Leda's Liquefaction                Hexes/Earth                  4
   Metabolic Englaciation             Hexes/Ice                    5
   Summon Mana Viper                  Hexes/Summoning              5


   Skills:
 - Level 5.9 Fighting
 - Level 10.0(13.7) Short Blades
 - Level 0.7 Throwing
 * Level 5.7 Armour
 - Level 10.1(12.5) Dodging
 + Level 15.5(17.7) Stealth
 - Level 2.0 Spellcasting
 + Level 18.6(20.6) Hexes
 - Level 5.5(8.2) Ice Magic


You had 2 spell levels left.
You knew the following spells:

 Your Spells              Type           Power        Failure   Level  Hunger
a - Corona                Hex            ######.      0%          1    #......
b - Sure Blade            Hex/Chrm       #####.....   1%          2    ###....
c - Confuse               Hex            ######..     0%          3    ####...
d - Ensorcelled Hibernat  Hex/Ice        ######       1%          2    ###....
e - Enslavement           Hex            ######..     1%          4    #####..
s - Dazzling Spray        Conj/Hex       #####...     1%          3    ####...


Dungeon Overview and Level Annotations

Branches:
Dungeon (10/15)            Temple (1/1) D:6             Orc (0/4) D:9
   Lair (8/8) D:10         Shoals (0/5) Lair:5       Spider (0/5) Lair:3
  Slime (0/6) Lair:6

Altars:
Ashenzari
Dithmenos
Elyvilon
Kikubaaqudgha
Makhleb
Okawaru
Sif Muna
Trog
Vehumet
Xom
Yredelemnul
Zin
The Shining One

Shops:
D:5 [*   D:6 *   D:9 :

Annotations:
Lair:6 exclusion: ice statue


Innate Abilities, Weirdness & Mutations

You heal slowly.
You can bottle blood from corpses.
You have razor-sharp teeth.*
You have supernaturally acute eyesight.
You can survive without breathing.*


Message History

You hit the death yak but do no damage.
The death yak is heavily wounded.
You puncture the death yak!
The death yak is heavily wounded.
The death yak completely misses you.
You barely miss the death yak. You bite the death yak!
You draw the death yak's blood!
You feel better.
You feel slightly less thirsty.
The death yak is severely wounded.
You feel a little less agile now.
You hit the death yak but do no damage.
The death yak is severely wounded.
The death yak gores you!
* * * LOW HITPOINT WARNING * * *
You puncture the death yak!
The death yak is almost dead.
You puncture the death yak!
The death yak is almost dead.
The death yak gores you!
You die...

, ... ,, , , * #,
#f...., , , *
,**#.###.....,, ,
, , , *P.#.......
, , , , ,
.........P#, ,,,*
, , ,,,
fP........# * ,*
, ,..........# **
, ........Y.##
,,........@P.#* *
, ,.........?..#
* * ,
,,...%......#.#
** **
............#*,**
,, ,
*............# *
,, , , ,
,#f........... ,,
** *
**#f........., *,
* ,, , *
*#........ , ,, *
*, ...,,, ,, ,


You could see a death yak.

Vanquished Creatures
  Maud (Lair:3)
  A hydra (Lair:4)
  Fannar (Lair:5)
  A centaur warrior (D:9)
  A hill giant (D:10)
  The ghost of W0nk0 the Slasher, an experienced CeAM of Nemelex Xobeh (D:6)
  Joseph (D:8)
  A griffon (Lair:5)
  3 black mambas
  15 spiny frogs
  8 elephants
  A feature mimic (Lair:5)
  A fire drake (Lair:5)
  A blue devil (Lair:6)
  The ghost of casual the Transmogrifier, an experienced NaTm of Okawaru (D:7)
  A komodo dragon (Lair:5)
  A hydra skeleton (D:9)
  A polar bear (Lair:6)
  11 blink frogs
  A basilisk (Lair:5)
  3 trolls (D:10)
  3 trapdoor spiders (Lair:3)
  A wyvern (D:8)
  A deep elf mage (D:9)
  9 sharks
  10 yaks
  Eustachio (D:7)
  3 toenail golems (Volcano)
  6 humans (Volcano)
  4 hippogriffs
  5 wolves (Lair:4)
  9 porcupines
  4 wargs (D:9)
  Menkaure (D:6)
  A tengu zombie (D:10)
  11 water moccasins
  3 sky beasts
  3 giant goldfish (Lair:1)
  8 ice beasts (Lair:6)
  4 orc warriors
  5 ogres
  9 crocodiles
  A centaur (D:6)
  12 giant frogs
  3 giant slugs
  2 big kobolds
  An eye of draining (D:8)
  5 scorpions
  8 wights
  2 pulsating lumps (Lair:6)
  4 crimson imps
  4 electric eels
  4 goliath beetles
  9 hounds
  3 orc priests
  A quasit (D:10)
  4 big fish (Lair:1)
  A centaur skeleton (D:7)
  A jelly (D:10)
  11 iguanas
  Natasha (thrice) (D:4)
  12 orc wizards
  7 worker ants
  20 sheep
  Ijyb (D:3)
  Terence (D:3)
  12 mummies (Ossuary)
  3 worker ant zombies (D:9)
  25 adders
  35 green rats
  16 gnolls
  3 giant mites
  3 shadow imps
  4 worms
  An iguana zombie (D:5)
  2 adder zombies (D:9)
  2 giant eyeballs
  6 giant geckos
  An ooze (D:4)
  25 orcs
  3 ball pythons
  17 bats
  A bat skeleton (D:4)
  A bat zombie (D:8)
  11 goblins
  22 hobgoblins
  10 jackals
  18 quokkas
  3 giant cockroaches
  A giant gecko zombie (D:7)
  6 giant newts
  A gnoll skeleton (Ossuary)
  22 kobolds
  4 kobold skeletons (Ossuary)
  A kobold zombie (D:7)
  3 orc skeletons (Ossuary)
  An orc zombie (D:9)
  25 rats
  11 rat skeletons (Ossuary)
  A plant (Lair:6)
577 creatures vanquished.

Vanquished Creatures (others)
  2 plants (Lair:6)
2 creatures vanquished.

Grand Total: 579 creatures vanquished

Notes
Turn   | Place    | Note
--------------------------------------------------------------
     0 | D:1      | PolkaDot, the Vampire Enchanter, began the quest for the Orb.
     0 | D:1      | Reached XP level 1. HP: 13/13 MP: 3/3
   256 | D:1      | Reached XP level 2. HP: 10/19 MP: 2/4
   269 | D:1      | Learned a level 2 spell: Ensorcelled Hibernation
   305 | D:1      | Reached skill level 5 in Hexes
   752 | D:1      | Reached skill level 1 in Ice Magic
  1045 | D:1      | Reached XP level 3. HP: 22/24 MP: 3/6
  1366 | D:2      | Reached XP level 4. HP: 30/30 MP: 7/7
  1792 | D:2      | Learned a level 3 spell: Confuse
  2201 | D:3      | Noticed Terence
  2232 | D:3      | Killed Terence
  2232 | D:3      | Reached XP level 5. HP: 35/35 MP: 2/9
  2489 | D:3      | Noticed Ijyb
  2500 | D:3      | Killed Ijyb
  2918 | D:4      | Reached skill level 6 in Hexes
  3105 | D:4      | Noticed Natasha
  3110 | D:4      | Killed Natasha
  3110 | D:4      | Reached skill level 5 in Short Blades
  3110 | D:4      | Reached XP level 6. HP: 41/41 MP: 7/10
  3236 | D:4      | Noticed Natasha
  3239 | D:4      | Killed Natasha
  3271 | D:4      | Noticed Natasha
  3281 | D:4      | Killed Natasha
  3337 | D:4      | Got a pair of slimy gloves
  3340 | D:4      | Identified the cursed -5 pair of gloves "Braxaym" {rElec rPois rF- Acc+5} (You found it on level 4 of the Dungeon)
  4004 | D:5      | Entered Level 5 of the Dungeon
  4027 | D:5      | Upgraded the game from 0.15-a0-187-g0bb430c to 0.15-a0-193-gf781f13
  4173 | D:5      | Reached XP level 7. HP: 43/46 MP: 4/12
  4251 | D:5      | Reached skill level 7 in Hexes
  4373 | D:5      | Got a heavily runed golden ring
  4374 | D:5      | Identified the ring of Criexory {AC+3 Str+4} (You found it on level 5 of the Dungeon)
  4624 | D:5      | Found Blimut's Armour Shoppe.
  4689 | D:5      | Found Xish's General Store.
  4818 | D:6      | Found Frinom's Serpentskin Sales.
  4827 | D:6      | Reached XP level 8. HP: 52/52 MP: 6/13
  4881 | D:6      | Reached skill level 8 in Hexes
  4899 | D:6      | Noticed W0nk0's ghost (experienced CeAM)
  4934 | D:6      | Killed W0nk0's ghost
  4934 | D:6      | Reached skill level 5 in Ice Magic
  5038 | D:6      | Found a staircase to the Ecumenical Temple.
  5043 | D:6      | Noticed Menkaure
  5051 | D:6      | Killed Menkaure
  5051 | D:6      | Reached skill level 9 in Short Blades
  5053 | Temple   | Entered the Ecumenical Temple
  5066 | Temple   | Became a worshipper of Ashenzari the Shackled
  5118 | D:6      | Found a sand-covered staircase.
  5124 | D:6      | Got the uncursed robe of Ellakhiz {Str+1 Int+4 Curse}
  5159 | Ossuary  | Entered an ossuary
  5194 | Ossuary  | Identified the +5 robe of Ellakhiz {Str+1 Int+4 Curse} (You found it on level 6 of the Dungeon)
  5219 | Ossuary  | Learned a level 4 spell: Enslavement
  5495 | Ossuary  | Reached XP level 9. HP: 57/57 MP: 7/14
  5898 | D:6      | Found a basalt altar of Yredelemnul.
  6715 | D:6      | Reached skill level 10 in Short Blades
  6781 | D:6      | Learned a level 2 spell: Sure Blade
  6834 | D:7      | Noticed Eustachio
  6835 | D:7      | Noticed casual's ghost (experienced NaTm)
  6837 | D:7      | Killed Eustachio
  6837 | D:7      | Reached skill level 5 in Stealth
  6896 | D:7      | Killed casual's ghost
  6896 | D:7      | Reached skill level 10 in Hexes
  7952 | D:8      | Noticed Joseph
  8465 | D:8      | Reached skill level 11 in Hexes
  8526 | D:8      | Killed Joseph
  8526 | D:8      | Reached XP level 10. HP: 38/63 MP: 11/16
  8824 | D:8      | Reached skill level 5 in Dodging
  9310 | D:9      | Acquired Ashenzari's first power
  9395 | D:9      | Noticed a centaur warrior
  9401 | D:9      | Killed a centaur warrior
  9405 | D:9      | Found Ihyla's Book Shoppe.
  9594 | D:9      | Reached skill level 12 in Hexes
  9714 | D:9      | Reached skill level 10 in Stealth
  9886 | D:9      | Found a staircase to the Orcish Mines.
 10102 | D:10     | Entered Level 10 of the Dungeon
 10225 | D:10     | Found a staircase to the Lair.
 10265 | D:10     | Reached skill level 13 in Hexes
 10634 | D:10     | Noticed a hill giant
 10641 | D:10     | Killed a hill giant
 10641 | D:10     | Reached XP level 11. HP: 68/68 MP: 17/17
 10922 | D:10     | Reached skill level 14 in Hexes
 10970 | D:10     | Noticed a hill giant
 11213 | Lair:1   | Entered Level 1 of the Lair of Beasts
 11477 | Lair:1   | Acquired Ashenzari's second power
 11952 | Lair:1   | Reached skill level 15 in Hexes
 12011 | Lair:1   | Identified the cursed -6 swamp dragon armour of Fubloplis {rPois Str+4 Dex-1 Dam+3}
 13507 | Lair:3   | Found a hole to the Spider Nest.
 13519 | Lair:3   | Acquired Ashenzari's third power
 13668 | Lair:3   | Noticed Maud
 13747 | Lair:3   | Killed Maud
 13747 | Lair:3   | Reached skill level 16 in Hexes
 13799 | Lair:3   | Reached XP level 12. HP: 74/74 MP: 11/18
 13889 | Lair:3   | Identified the -5 leather armour of the Evening Star {Str+3 Dex+4}
 14848 | Lair:4   | Noticed a seven-headed hydra
 14885 | Lair:4   | Killed a seven-headed hydra
 14909 | Lair:4   | Reached skill level 17 in Hexes
 15319 | Lair:5   | Found a dark tunnel.
 15341 | Volcano  | Entered a volcano
 15349 | Volcano  | Reached skill level 10 in Dodging
 15810 | Lair:5   | Noticed Fannar
 15814 | Lair:5   | Killed Fannar
 15814 | Lair:5   | Reached skill level 1 in Armour
 16213 | Lair:5   | Learned a level 3 spell: Dazzling Spray
 16277 | Lair:5   | Found a staircase to the Shoals.
 16292 | Lair:5   | Reached skill level 18 in Hexes
 16581 | Lair:5   | Reached skill level 5 in Fighting
 16581 | Lair:5   | Reached XP level 13. HP: 76/93 MP: 19/19
 16623 | Lair:5   | Acquired Ashenzari's fourth power
 16911 | Lair:6   | Reached XP level 14. HP: 99/99 MP: 20/20
 17116 | Lair:6   | Reached skill level 15 in Stealth
 17786 | Lair:6   | Found a staircase to the Slime Pits.
 17873 | Lair:6   | Reached skill level 5 in Armour
 19045 | Lair:8   | Entered Level 8 of the Lair of Beasts
 19055 | Lair:8   | Slain by a death yak

Action                   |  1- 3 |  4- 6 |  7- 9 | 10-12 | 13-15 || total
-------------------------+-------+-------+-------+-------+-------++-------
Melee: Dagger            |    85 |   225 |   403 |   566 |   287 ||  1566
 Cast: Corona            |     5 |     4 |     5 |     4 |     1 ||    19
       Ensorcelled Hiber |    25 |    76 |    77 |   229 |    66 ||   473
       Confuse           |       |       |    37 |     6 |     7 ||    50
       Sure Blade        |       |       |       |     1 |       ||     1
       Dazzling Spray    |       |       |       |       |    13 ||    13
       Enslavement       |       |       |       |       |     2 ||     2
 Abil: Bottle Blood      |       |     3 |     6 |       |       ||     9
       End Transformatio |       |       |       |     1 |     1 ||     2
       Bat Form          |       |       |       |     1 |     1 ||     2
Evoke: Wand              |       |     2 |     1 |     4 |       ||     7
  Use: Potion            |     1 |    12 |    13 |     3 |     2 ||    31
       Scroll            |       |    10 |    13 |    15 |     1 ||    39
 Stab: Sleeping          |    28 |    50 |    66 |   218 |    59 ||   421
       Paralysed         |       |     1 |       |       |       ||     1
       Distracted        |       |     1 |     1 |     4 |       ||     6
       Confused          |       |       |    18 |     4 |     3 ||    25
       Invisible         |       |       |     2 |     2 |     5 ||     9
